 Dungeon Crawl Stone Soup version 0.27-a0-836-gfc908b8576 (webtiles) character file.

Game seed: 10004989037291853626

137 Hasart the Chiller (level 4, 0/33 HPs)
             Began as a Demigod Ice Elementalist on Mar 31, 2021.
             Succumbed to an adder's poison
             ... on level 4 of the Dungeon.
             The game lasted 00:05:37 (2620 turns).

Hasart the Chiller (Demigod Ice Elementalist)       Turns: 2620, Time: 00:05:38

Health: 0/33       AC:  2    Str:  9    XL:     4   Next: 69%
Magic:  8/10       EV: 12    Int: 21    God:
Gold:   107        SH:  0    Dex: 14    Spells: 4/8 levels left

rFire    . . .     SeeInvis .   h - +1 demon blade (drain)
rCold    . . .     Faith    .   (no shield)
rNeg     . . .     Spirit   .   a - +0 robe
rPois    .         Reflect  .   (no helmet)
rElec    .         Harm     .   (no cloak)
rCorr    .         Rampage  .   (no gloves)
Will     .....                  (no boots)
Stlth    +.........             e - amulet of magic regeneration
HPRegen  0.11/turn              (no ring)
MPRegen  0.37/turn              (no ring)

@: brilliant, lethally poisoned (0 -> -14), frozen ramparts, very slow
A: high mp 1, forlorn
a: no special abilities


You were on level 4 of the Dungeon.
You visited 1 branch of the dungeon, and saw 4 of its levels.

You collected 107 gold pieces.

Inventory:

Hand Weapons
 g - a +2 dagger of holy wrath
 h - a +1 demon blade of draining (weapon)
Armour
 a - a +0 robe (worn)
Magical Staves
 b - a staff of conjuration
Jewellery
 e - an amulet of magic regeneration (around neck)
Scrolls
 c - a scroll of magic mapping {unknown}
 f - a scroll of noise {unknown}
 i - a scroll of enchant armour {unknown}
 j - a scroll of enchant weapon {unknown}


   Skills:
 + Level 2.8 Dodging
 - Level 1.7 Stealth
 + Level 2.6 Spellcasting
 * Level 4.8 Ice Magic


You had 4 spell levels left.
You knew the following spells:

 Your Spells              Type           Power      Damage    Failure   Level
a - Freeze                Ice            100%       1d11      1%          1
b - Frozen Ramparts       Ice            68%        1d8       5%          3

Your spell library contained the following spells:

 Spells                   Type           Power      Damage    Failure   Level
 Ozocubu's Armour         Ice            34%        N/A       5%          3
 Confusing Touch          Hex            4%         N/A       38%         3
 Gell's Gravitas          Tloc           2%         N/A       38%         3
 Hailstorm                Conj/Ice       19%        3d6       45%         4
 Summon Ice Beast         Ice/Summ       19%        N/A       45%         4
 Petrify                  Tmut/Erth      4%         N/A       80%         4
 Metabolic Englaciation   Hex/Ice        9%         N/A       82%         5
 Yara's Violent Unravell  Hex/Tmut       2%         3d3       98%         5


Dungeon Overview and Level Annotations

Branches:
Dungeon (4/15)
 Temple: D:4-7


Innate Abilities, Weirdness & Mutations

Your attributes grow dramatically as you level up.
You have an increased reservoir of magic. (+10% MP)
You shall have no god before yourself.


Message History

You are poisoned.
The adder poisons you! The adder closely misses you.
Casting: Freeze (safe; 1% risk of failure)
Confirm with . or Enter, or press ? or * to list all spells.
Casting: Frozen Ramparts (dangerous; 6% risk of failure)
Press: ? - help, Dir - look around, f - activate Some shallow water.
The walls around you are covered in ice.
You feel sick.
The wall freezes the adder.
The adder bites you.
You are more poisoned.
The adder poisons you!
Unknown command.
Unknown command.
Casting: Frozen Ramparts (dangerous; 6% risk of failure)
Confirm with . or Enter, or press ? or * to list all spells.
Aiming: Freeze (safe; 1% risk of failure)
Press: ? - help, Shift-Dir - straight line, f - adder
Aim: an adder (lightly wounded)
You freeze the adder!
The adder is severely wounded.
The adder seems to slow down.
You feel sick.
The wall freezes the adder.
The adder seems to slow down.
The adder bites you.
* * * LOW HITPOINT WARNING * * *
You are more poisoned.
The adder poisons you!
It was a potion of brilliance.
You feel clever all of a sudden.
* * * LOW HITPOINT WARNING * * *
You feel very sick.
The wall freezes the adder!
You kill the adder!
Unknown command.
Casting: Freeze (safe; 1% risk of failure)
Confirm with . or Enter, or press ? or * to list all spells.
You can't see any susceptible monsters within range! (Use Z to cast anyway.) Unknown command.
* * * LOW HITPOINT WARNING * * *
You feel sick.
Unknown command.
You die...

...........######
#..##..........#
#>.##....≈.....#
.......≈≈≈≈≈.≈.#
#######≈#≈#≈≈..#
#≈≈≈≈≈≈≈≈≈..#
#≈###########
#≈≈≈≈≈≈# ####≈#@#
#≈≈≈≈#≈# #≈##≈#≈#
# ≈≈#≈# ≈##≈# #≈
#≈≈ #≈ #≈# ## ###


There were no monsters in sight!

Vanquished Creatures
  5 adders
  2 river rats (D:4)
  An adder skeleton (D:3)
  A worm (D:4)
  4 orcs (D:3)
  An endoplasm (D:3)
  2 giant cockroaches
  5 goblins
  4 hobgoblins
  12 jackals
  A quokka (D:1)
  4 ball pythons (D:1)
  3 bats
  5 frilled lizards
  9 kobolds
  4 rats
63 creatures vanquished.

Notes
Turn   | Place    | Note
-------+----------+-------------------------------------------
     0 | D:1      | Hasart the Demigod Ice Elementalist began the quest for the
                  | Orb.
     0 | D:1      | Reached XP level 1. HP: 14/14 MP: 5/5
   331 | D:1      | Reached XP level 2. HP: 20/20 MP: 4/7
   587 | D:1      | Reached skill level 4 in Ice Magic
  1010 | D:1      | Reached XP level 3. HP: 19/26 MP: 5/8
  1573 | D:2      | Learned a level 3 spell: Frozen Ramparts
  1642 | D:2      | You fall into a shaft and drop 1 floor!
  2534 | D:4      | Reached XP level 4. HP: 29/33 MP: 5/10
  2619 | D:4      | HP: 1/33 [poisoned by an adder]
  2620 | D:4      | Succumbed to an adder's poison

Illustrated notes

Levels and vault maps discovered:
D:1:      dpeg_arrival_tiny_a, layout_loops_corners, serial_forest,
          infiniplex_forest_end_3, infiniplex_forest_lined_corner,
          infiniplex_forest_straight_4, infiniplex_forest_corner_1,
          infiniplex_forest_clump_tiny, infiniplex_forest_straight_3,
          infiniplex_forest_lined_room_2, infiniplex_forest_lined_ring,
          infiniplex_forest_clump_curved
D:2:      kb_forest_paths, layout_loops_ring, serial_shops, shop,
          minmay_tetromino_o2
D:3:      layout_basic, minivault_26
D:4:      layout_basic, lemuel_crystal_altar, temple_hall,
          lightli_sewer_entry_pipes, uniq_blork_the_orc, uniq_natasha

Skill      XL: |  1  2 |
---------------+-------+-----
Dodging        | 2 |  2.8
Spellcasting   | 2 |  2.6
Ice Magic      | 4 |  4.8
Stealth        | |  1.7

Action                   |  1- 3 |  4- 6 || total
-------------------------+-------+-------++-------
Melee: Short sword       |    17 |       ||    17
       Dagger            |    19 |       ||    19
       Demon blade       |     7 |     2 ||     9
 Cast: Freeze            |    55 |     7 ||    62
       Frozen Ramparts   |     3 |     2 ||     5
  Use: Potion            |       |     1 ||     1
 Stab: Sleeping          |     6 |       ||     6
Armor: Robe              |    18 |       ||    18
Dodge: Dodged            |    56 |     1 ||    57
       Rpst.: Demon blade |     5 |       ||     5

Table legend: (Time is in decaauts)
 A = Elapsed time spent in this place.
 B = Non-inter-level travel time spent in this place.
 C = Inter-level travel time spent in this place.
 D = Time resting spent in this place.
 E = Time spent auto-exploring this place.
 F = Levels seen in this place.
 G = Mean time per level.
                   A        B        C        D        E       F      G
               +--------+--------+--------+--------+--------+-----+--------+
         Total |   2628 |   2587 |     41 |    190 |   2018 |   4 |  657.0 |
       Dungeon |   2628 |   2587 |     41 |    190 |   2018 |   4 |  657.0 |
               +--------+--------+--------+--------+--------+-----+--------+

Top non-repeatable levels by time:
     D:1: 1495 daAuts
     D:3: 807 daAuts
     D:4: 178 daAuts
     D:2: 147 daAuts
